 Dungeon Crawl Stone Soup version 0.31-a0-44-g49d609d0da (webtiles) character file.

Game seed: 9327833243467338195

23 BlueFish the Charlatan (level 2, -3/24 HPs)
             Began as a Draconian Artificer on May 20, 2023.
             Slain by Natasha (11 damage)
             ... on level 2 of the Dungeon.
             The game lasted 00:01:27 (785 turns).

BlueFish the Charlatan (Draconian Artificer)         Turns: 785, Time: 00:01:29

Health: -3/24      AC:  4    Str: 14    XL:     2   Next: 75%
Magic:  2/2        EV: 12    Int: 11    God:
Gold:   95         SH:  0    Dex: 11    Spells: 1/1 levels left

rFire   . . .        f - +0 short sword
rCold   . . .        (no shield)
rNeg    . . .        (body armour unavailable)
rPois   .            (helmet restricted)
rElec   .            (no cloak)
rCorr   .            (no gloves)
SInv    .            (no boots)
Will    .....        (no amulet)
Stlth   ++           (no ring)
HPRegen 0.24/turn    (no ring)
MPRegen 0.08/turn

%: no passive effects
@: no status effects
A: AC +4, unfitting armour, cold-blooded
a: no special abilities


You were on level 2 of the Dungeon.
You visited 1 branch of the dungeon, and saw 2 of its levels.

You collected 95 gold pieces.

Inventory:

Hand Weapons
 a - a +0 club
 e - a +0 dagger
 f - a +0 short sword (weapon)
Wands
 b - a wand of flame (15) (quivered)
 c - a wand of charming (15)
 d - a wand of iceblast (5)
Scrolls
 g - a scroll of summoning
Potions
 h - a potion of magic {unknown}
 i - 3 potions of lignification {unknown}
 j - 2 potions of might


   Skills:
 + Level 1.7 Fighting
 + Level 2.4 Dodging
 + Level 1.4 Stealth
 + Level 3.3 Evocations


You had one spell level left.
You didn't know any spells.
Your spell library contained the following spells:

 Spells                   Type           Power      Damage    Failure   Level
 Vhi's Electric Charge    Tloc/Air       0%         N/A       71%         3
 Arcjolt                  Conj/Air       0%         1d10      100%        5
 Plasma Beam              Fire/Air       0%         2x1d11    100%        6


Dungeon Overview and Level Annotations

Branches:
Dungeon (2/15)

Altars:

Annotations:
D:2 Natasha


Innate Abilities, Weirdness & Mutations

Your plain brown scales are hard. (AC +4)
You cannot fit into any form of body armour.
You are cold-blooded and may be slowed by cold attacks.


Message History

As you read the scroll labelled QUBERU APSAO, it crumbles to dust.
Wisps of shadow whirl around you...
It was a scroll of summoning.
You swap places.
i - 3 glowing cyan potions (gained 2)
Found an escape hatch in the floor.
No target in view!
There is an escape hatch in the floor here.
Natasha, Servant of Life and Death comes into view.
Found a scroll labelled XITYTA OVOEPUE.
A ball python comes into view.
The helpless Natasha fails to defend herself.
You hit Natasha.
Natasha is moderately wounded.
Natasha mumbles some strange words.
The ball python hisses angrily.
You hit Natasha but do no damage.
Natasha is moderately wounded.
Natasha closely misses you.
You completely miss Natasha.
Natasha is moderately wounded.
A ball python comes into view.
Natasha stares at you and mumbles some strange words.
The magic dart hits you. The cerulean imp closely misses you.
The ball python hisses angrily.
You hit Natasha.
Natasha is heavily wounded.
Natasha drinks a potion.
Natasha seems to grow stronger.
The cerulean imp hits you from afar with a +1 spear.
You hit Natasha.
Natasha is heavily wounded.
Natasha claws you! The cerulean imp misses you.
You closely miss Natasha.
Natasha is heavily wounded.
Natasha claws you but does no damage.
The cerulean imp hits you from afar with a +1 spear.
* * * LOW HITPOINT WARNING * * *
You barely miss Natasha.
Natasha is heavily wounded.
Natasha claws you!
You die...

### ..# #.#
.########.#####.#
...SS5h@Sg...?..#
...######.######
#># #.# #.#
#.#### #..g.#
####.# #.#


You could see Natasha (strong, ally target), a cerulean imp (summoned), 2 ball
pythons, a friendly adder (summoned) and a friendly hobgoblin (summoned).

Vanquished Creatures
  3 ball pythons (D:1)
  An endoplasm (D:1)
  A giant cockroach (D:1)
  4 goblins (D:1)
  A hobgoblin (D:1)
  4 jackals (D:1)
  2 bats (D:1)
  A frilled lizard (D:1)
  A kobold (D:1)
  A rat (D:1)
19 creatures vanquished.

Notes
Turn   | Place    | Note
-------+----------+-------------------------------------------
     0 | D:1      | BlueFish the Draconian Artificer began the quest for the
                  | Orb.
     0 | D:1      | Reached XP level 1. HP: 16/16 MP: 1/1
    38 | D:1      | Reached skill level 1 in Stealth
   159 | D:1      | Reached XP level 2. HP: 9/23 MP: 2/2
   776 | D:2      | Noticed Natasha
   785 | D:2      | Slain by Natasha

Illustrated notes

Levels and vault maps discovered:
D:1:      dpeg_arrival_fog, layout_basic
D:2:      layout_loops_ring, kennysheep_path_1, uniq_terence, uniq_natasha,
          uniq_robin, uniq_crazy_yiuf_cottage

Skill      XL: |  1 |
---------------+----+-----
Stealth        | 1 |  1.4
Fighting       | |  1.7
Dodging        | |  2.4
Evocations     | |  3.3

Action                     || total
---------------------------++-------
  Melee: Short sword       ||    93
         Club              ||    25
         Tailslap          ||     6
    Use: Scroll            ||     1
   Stab: Sleeping          ||     4
 Armour: Skin              ||    34
  Dodge: Dodged            ||    88

Table legend: (Time is in decaauts)
 A = Elapsed time spent in this place.
 B = Non-inter-level travel time spent in this place.
 C = Inter-level travel time spent in this place.
 D = Time resting spent in this place.
 E = Time spent auto-exploring this place.
 F = Levels seen in this place.
 G = Mean time per level.
                   A        B        C        D        E       F      G
               +--------+--------+--------+--------+--------+-----+--------+
         Total |    792 |    783 |      9 |      0 |    551 |   2 |  396.0 |
       Dungeon |    792 |    783 |      9 |      0 |    551 |   2 |  396.0 |
               +--------+--------+--------+--------+--------+-----+--------+

Top non-repeatable levels by time:
     D:1: 765 daAuts
     D:2: 26 daAuts
